 Dungeon Crawl Stone Soup version 0.21-a0-624-g16f8e2c (webtiles) character file.

220 TheGoonsmith the Chopper (level 5, 0/47 HPs)
             Began as a Minotaur Berserker on Dec 23, 2017.
             Was a Priest of Trog.
             Slain by an ogre
             ... wielding a +0 giant club
              (12 damage)
             ... on level 3 of the Dungeon.
             The game lasted 00:03:25 (2537 turns).

TheGoonsmith the Chopper (Minotaur Berserker)       Turns: 2537, Time: 00:03:26

Health: 0/47       AC: 12    Str: 21    XL:     5   Next: 64%
Magic:  4/4        EV:  7    Int:  4    God:    Trog [***...]
Gold:   148        SH:  0    Dex: 11    Spells: 4/4 levels left

rFire    . . .     SeeInvis .   q - +0 war axe
rCold    . . .     Gourm    .   (no shield)
rNeg     . . .     Faith    .   l - +0 plate armour (curse)
rPois    .         Spirit   .   (helmet restricted)
rElec    .         Reflect  .   (no cloak)
rCorr    .         Harm     .   (no gloves)
MR       .....                  h - +0 pair of boots
Stlth    ..........             (no amulet)
HPRegen  0.15/turn              (no ring)
MPRegen  0.09/turn              (no ring)

@: lethally poisoned (0 -> -1), drained
A: retaliatory headbutt, horns 2
a: Berserk, Trog's Hand, Burn Spellbooks, Renounce Religion


You were on level 3 of the Dungeon.
You worshipped Trog.
Trog was most pleased with you.
You were not hungry.

You visited 1 branch of the dungeon, and saw 3 of its levels.

You collected 148 gold pieces.

Inventory:

Hand Weapons
 a - a +0 hand axe
 q - a +0 war axe (weapon)
Missiles
 o - 25 arrows
Armour
 b - a +0 animal skin
 f - a +0 ring mail
 h - a +0 pair of boots (worn)
 l - a cursed +0 plate armour (worn)
Scrolls
 d - 4 scrolls of blinking {unknown}
 e - 4 scrolls of teleportation {unknown}
 g - 5 scrolls of identify {unknown}
 i - a scroll of amnesia {unknown}
 m - a scroll of enchant armour {unknown}
 r - a scroll of remove curse {unknown}
Potions
 j - a potion of magic {unknown}
 k - a potion of brilliance {unknown}
 n - 2 potions of degeneration {unknown}
Comestibles
 c - 3 rations
 p - 4 chunks of flesh


   Skills:
 + Level 4.7(4.0) Fighting
 * Level 5.6(4.9) Axes
 + Level 3.9(3.3) Armour
 + Level 3.4(2.7) Dodging


You had 4 spell levels left.
You didn't know any spells.

Dungeon Overview and Level Annotations

Branches:
Dungeon (3/15)

Altars:
Makhleb


Innate Abilities, Weirdness & Mutations

You reflexively headbutt those who attack you in melee.
You have a pair of horns on your head.


Message History

You slash the ogre! The ogre completely misses you. You furiously retaliate!
You headbutt the ogre. The adder bites you but does no damage.
You closely miss the adder.
The adder is almost dead.
You closely miss the ogre. The adder bites you but does no damage.
The ogre hits you with a giant club! The adder bites you but does no damage.
You hit the adder.
You kill the adder!
Trog accepts your kill.
You closely miss the ogre.
You feel sick. The ogre barely misses you. You furiously retaliate!
You headbutt the ogre!
Your plate armour prevents you from hitting the ogre.
The ogre is severely wounded.
The ogre hits you with a giant club!
* * * LOW HITPOINT WARNING * * *
You are too injured to fight recklessly!
You hit the ogre.
The ogre is almost dead.
The ogre hits you with a giant club!
You die...

.......###########........####'##
.......'.................##.#...#
##.....##############....#..'..))
#.....# #....##.#...#
################## ###...####†##
.................# #.... #...#
################.# ##....##.##
######'#### ###...###.
#.....@†..# #..... #.....O...#
##.... #.........# .......
#.........+ ..#.### #.........#
....... #.........# ..# #
#####..?..# # # #.....# + ##


You could see an ogre.

Vanquished Creatures
  An orc wizard (D:3)
  4 gnolls (D:3)
  6 adders
  4 worms
  3 leopard geckos
  6 orcs (D:3)
  8 giant cockroaches
  13 goblins
  9 hobgoblins
  3 jackals (D:1)
  5 bats
  6 frilled lizards
  4 kobolds
  8 rats
80 creatures vanquished.

Notes
Turn   | Place    | Note
-------+----------+-------------------------------------------
     0 | D:1      | TheGoonsmith the Minotaur Berserker began the quest for the Orb.
     0 | D:1      | Reached XP level 1. HP: 19/19 MP: 0/0
   130 | D:1      | Reached XP level 2. HP: 14/27 MP: 1/1
   132 | D:1      | Reached skill level 4 in Axes
   585 | D:1      | Reached ** piety under Trog
   590 | D:1      | Reached XP level 3. HP: 24/33 MP: 2/2
   973 | D:2      | Reached XP level 4. HP: 30/40 MP: 3/3
  1374 | D:2      | Found a burning altar of Makhleb.
  2009 | D:3      | Reached skill level 5 in Axes
  2092 | D:3      | Reached XP level 5. HP: 47/47 MP: 4/4
  2320 | D:3      | Reached *** piety under Trog
  2528 | D:3      | Noticed an ogre
  2537 | D:3      | Slain by an ogre

Vault maps used:
D:1:      dpeg_arrival_long_road
D:2:      lemuel_crystal_altar, nicolae_overflow_hidden_temple,
          kennysheep_generic_room_3
D:3:      cheibrodos_greedy_goblins

Skill      XL: |  1  2  3  4 |
---------------+-------------+-----
Axes           | 4 5 |  5.6
Fighting       | 4 |  4.7
Armour         | 3 |  3.9
Dodging        | 3 |  3.4

Action                   |  1- 3 |  4- 6 || total
-------------------------+-------+-------++-------
Melee: Hand axe          |    80 |    45 ||   125
       Headbutt          |    13 |    18 ||    31
       War axe           |       |    55 ||    55
Invok: Berserk           |     1 |     1 ||     2
  Eat: Chunk             |     1 |     3 ||     4
       Ration            |       |     1 ||     1
Armor: Animal skin       |    12 |       ||    12
       Plate armour      |    13 |    62 ||    75
Dodge: Dodged            |    34 |    43 ||    77

Table legend:
 A = Spawn XP
 B = Non-spawn XP
 C = Spawn XP percentage of total XP
 D = Spawn monster count
 E = Non-spawn monster count
 F = Spawn count percentage of total count
 G = Total turns spent on level
                    A         B        C        D         E        F      G
               +---------+---------+-------+---------+---------+-------+---------
         Total |       0 |     315 |   0.0 |       0 |      80 |   0.0 |  2537
               +---------+---------+-------+---------+---------+-------+---------
           D:1 |       0 |      42 |   0.0 |       0 |      27 |   0.0 |   689
           D:2 |       0 |      84 |   0.0 |       0 |      17 |   0.0 |  1267
           D:3 |       0 |     189 |   0.0 |       0 |      36 |   0.0 |   581
               +---------+---------+-------+---------+---------+-------+---------
